 Dungeon Crawl Stone Soup version 0.21-a0-264-g3e31e41 (webtiles) character file.

126 zero the Digger (level 5, 0/29 HPs)
             Began as a Gargoyle Earth Elementalist on Sept 8, 2017.
             Slain by Ijyb (1 damage)
             ... on level 3 of the Dungeon.
             The game lasted 00:08:23 (1951 turns).

zero the Digger (Gargoyle Earth Elementalist)       Turns: 1951, Time: 00:08:24

Health: 0/29       AC:  8    Str: 11    XL:     5   Next: 10%
Magic:  0/9        EV: 12    Int: 17    God:
Gold:   128        SH:  0    Dex: 10    Spells: 6/10 levels left

rFire    . . .     SeeInvis .   g - +0 spear
rCold    . . .     Gourm    .   (no shield)
rNeg     + . .     Faith    .   c - +0 robe
rPois    ∞         Spirit   .   k - +0 helmet
rElec    +         Reflect  .   (no cloak)
rCorr    .         Harm     .   n - +0 pair of gloves
MR       .....                  (no boots)
Stlth    ++........             (no amulet)
HPRegen  0.09/turn              (no ring)
MPRegen  0.11/turn              (no ring)

@: no status effects
A: negative energy resistance 1, electricity resistance, unbreathing,
petrification resistance, rot immunity, AC +4
a: no special abilities


You were on level 3 of the Dungeon.
You were not hungry.

You visited 1 branch of the dungeon, and saw 3 of its levels.

You collected 128 gold pieces.

Inventory:

Hand Weapons
 g - a +0 spear (weapon)
Missiles
 b - 30 stones (quivered)
Armour
 c - a +0 robe (worn)
 k - a +0 helmet (worn)
 n - a +0 pair of gloves (worn)
Wands
 a - a wand of paralysis (9/24)
Scrolls
 f - 2 scrolls of remove curse {unknown}
 l - a scroll of enchant armour {unknown}
 q - a scroll of fear {unknown}
Potions
 h - 2 potions of curing {unknown}
 j - 2 potions of lignification {unknown}
 m - a potion of brilliance {unknown}
 o - a potion of heal wounds {unknown}
 r - a potion of might {unknown}
Books
 e - a book of Geomancy

   Spells                             Type                      Level
   a - Sandblast                      Earth                        1
   b - Passwall                       Transmutation/Earth          2
   c - Stone Arrow                    Conjuration/Earth            3
   d - Petrify                        Transmutation/Earth          4
   e - Lee's Rapid Deconstruction     Earth                        5
Comestibles
 d - 2 bread rations
 i - 2 meat rations
 p - a chunk of flesh


   Skills:
 + Level 1.0 Fighting
 + Level 1.2 Armour
 + Level 1.9 Dodging
 - Level 2.1 Stealth
 + Level 3.2 Spellcasting
   Level 0.7 Transmutations
 + Level 5.0 Earth Magic


You had 6 spell levels left.
You knew the following spells:

 Your Spells              Type           Power        Failure   Level  Hunger
a - Sandblast             Erth           ###...       1%          1    None
b - Stone Arrow           Conj/Erth      ##....       19%         3    ###....


Dungeon Overview and Level Annotations

Branches:
Dungeon (3/15)

Altars:
Ashenzari
Hepliaklqana
Nemelex Xobeh

Annotations:
D:3 Ijyb


Innate Abilities, Weirdness & Mutations

You are resistant to torment.
Your stone body is resilient. (AC +4)
You are immune to poison.
You resist negative energy. (rN+)
You are resistant to electric shocks. (rElec)
You can survive without breathing.
You are immune to petrification.
You are immune to rotting.


Message History

You closely miss Ijyb.
Ijyb is severely wounded.
Ijyb closely misses you.
You barely miss Ijyb.
Ijyb is severely wounded.
Ijyb closely misses you.
You barely miss Ijyb.
Ijyb is severely wounded.
Ijyb zaps a wand.
The puff of flame hits you!
* * * LOW HITPOINT WARNING * * *
Casting: Sandblast
Confirm with . or Enter, or press ? or * to list all spells.
Aiming: Sandblast
Press: ? - help, Shift-Dir - straight line, f/p - Ijyb
Aim: Ijyb, wearing a ring mail and carrying a wand of flame (?/48) {zapped: 7} (severely wounded)
The blast of sand hits Ijyb.
Ijyb is severely wounded.
b - 30 stones Ijyb hits you.
You die...

.. ##.# ... ...
.. #.. ...
..##'# ..#.#
#g#.# ##' #@..#
#....##..#
#....'...#
#....###.######
#.............#
#.....##..###.#
#.........#
#.###.###.# #
#.##


You could see Ijyb.

Vanquished Creatures
  Jessica (D:3)
  3 adders
  2 worms
  3 dart slugs
  2 leopard geckos
  A ball python (D:2)
  4 giant cockroaches
  6 goblins
  8 hobgoblins
  8 jackals
  6 bats
  3 frilled lizards
  6 kobolds
  4 rats
57 creatures vanquished.

Notes
Turn   | Place    | Note
-------+----------+-------------------------------------------
     0 | D:1      | zero the Gargoyle Earth Elementalist began the quest for the Orb.
     0 | D:1      | Reached XP level 1. HP: 10/10 MP: 3/3
   170 | D:1      | Reached XP level 2. HP: 13/15 MP: 3/5
   180 | D:1      | Reached skill level 4 in Earth Magic
   373 | D:1      | Reached XP level 3. HP: 19/19 MP: 2/7
   854 | D:2      | Learned a level 3 spell: Stone Arrow
  1172 | D:2      | Reached XP level 4. HP: 24/24 MP: 6/8
  1191 | D:2      | Found a shattered altar of Ashenzari.
  1376 | D:2      | Found a sparkling altar of Nemelex Xobeh.
  1450 | D:3      | Noticed Jessica
  1472 | D:3      | Killed Jessica
  1507 | D:3      | Reached skill level 1 in Fighting
  1508 | D:3      | Reached skill level 1 in Armour
  1736 | D:3      | Reached skill level 5 in Earth Magic
  1848 | D:3      | Reached XP level 5. HP: 29/29 MP: 7/9
  1917 | D:3      | Found a hazy altar of Hepliaklqana.
  1929 | D:3      | Noticed Ijyb
  1950 | D:3      | HP: 1/29 [Ijyb/wand of flame (?/48) (9)]
  1951 | D:3      | Slain by Ijyb

Vault maps used:
D:1:      minmay_arrival_shattered_statue
D:2:      marbit_many_paths, lemuel_tele_altar
D:3:      lemuel_doored_altar, uniq_ijyb, uniq_jessica

Skill      XL: |  1  2  3  4 |
---------------+-------------+-----
Earth Magic    | 4 5 |  5.0
Spellcasting   | 3 |  3.2
Fighting       | 1 |  1.0
Armour         | 1 |  1.2
Dodging        | |  1.9
Stealth        | |  2.1
Transmutations | |  0.7

Action                   |  1- 3 |  4- 6 || total
-------------------------+-------+-------++-------
Melee: Unarmed           |    14 |       ||    14
       Spear             |     8 |    35 ||    43
 Cast: Sandblast         |    45 |    20 ||    65
       Stone Arrow       |       |     4 ||     4
 Stab: Sleeping          |       |     1 ||     1
  Eat: Chunk             |     1 |     2 ||     3
       Fruit             |       |     1 ||     1
Armor: Robe              |    12 |    13 ||    25
Dodge: Dodged            |    33 |    27 ||    60

Table legend:
 A = Spawn XP
 B = Non-spawn XP
 C = Spawn XP percentage of total XP
 D = Spawn monster count
 E = Non-spawn monster count
 F = Spawn count percentage of total count
 G = Total turns spent on level
                    A         B        C        D         E        F      G
               +---------+---------+-------+---------+---------+-------+---------
         Total |       0 |     181 |   0.0 |       0 |      57 |   0.0 |  1951
               +---------+---------+-------+---------+---------+-------+---------
           D:1 |       0 |      52 |   0.0 |       0 |      29 |   0.0 |   849
           D:2 |       0 |      35 |   0.0 |       0 |      12 |   0.0 |   572
           D:3 |       0 |      94 |   0.0 |       0 |      16 |   0.0 |   530
               +---------+---------+-------+---------+---------+-------+---------
